 Dungeon Crawl Stone Soup version 0.31-a0-835-g2a3a5bc3be (webtiles) character file.

Game seed: 1488613650153072555

695 Ivernyr the Mimic (level 7, 0/32 HPs)
             Began as a Vine Stalker Shapeshifter on Sept 26, 2023.
             Slain by a black bear (3 damage)
             ... on level 4 of the Dungeon.
             The game lasted 00:09:51 (3383 turns).

Ivernyr the Mimic (Vine Stalker Shapeshifter)       Turns: 3383, Time: 00:09:51

Health: 0/32       AC:  2    Str: 18    XL:     7   Next: 64%
Magic:  0/8        EV: 12    Int: 10    God:
Gold:   389        SH:  0    Dex: 14    Spells: 6/6 levels left

rFire   . .          .
                       - Unarmed
rCold   . . .        (shield currently unavailable)
rNeg    . . .        a - +0 animal skin
rPois   .            (no helmet)
rElec   .            (no cloak)
rCorr   .            (no gloves)
SInv    .            (no boots)
Will    +....        (no amulet)
Stlth   +            e - ring of willpower
HPRegen 1.05/turn    (no ring)
MPRegen 0.11/turn

%: guardian spirit
@: flux-form, glowing
A: glow, contaminating, fangs 2, regeneration 1, magic shield, antimagic bite,
no potion heal 2
a: Begin Untransformation


You were on level 4 of the Dungeon.
You were something dangerously unstable.
You visited 1 branch of the dungeon, and saw 4 of its levels.

You collected 389 gold pieces.

Inventory:

Hand Weapons
 s - a +0 spear
Missiles
 r - 2 throwing nets
Armour
 a - a +0 animal skin (worn)
Jewellery
 e - a ring of willpower (left hand)
 w - a ring of poison resistance
Talismans
 c - a beast talisman
 d - a flux talisman (active)
 q - a dragon-blood talisman
Scrolls
 f - a scroll of enchant armour {unknown}
 g - 3 scrolls of identify {unknown}
 i - 7 scrolls of teleportation {unknown}
 k - 3 scrolls of brand weapon {unknown}
 l - 2 scrolls of revelation {unknown}
 n - a scroll of fog {unknown}
 o - a scroll of acquirement {unknown}
 t - a scroll of torment {unknown}
 v - a scroll of vulnerability {unknown}
Potions
 b - 3 potions of lignification
 h - 2 potions of ambrosia {unknown}
 j - a potion of might {unknown}
 m - 3 potions of curing {unknown}
 p - 3 potions of heal wounds {unknown}
 u - a potion of haste {unknown}


   Skills:
 - Level 0.8 Fighting
 - Level 1.5 Dodging
 - Level 3.0 Unarmed Combat
 * Level 8.1 Shapeshifting


You had 6 spell levels left.
You didn't know any spells.
Your spell library was empty.

Dungeon Overview and Level Annotations

Branches:
Dungeon (4/15)
 Temple: D:4-7

Altars:
Yredelemnul


Innate Abilities, Weirdness & Mutations

You are something dangerously unstable.
You glow with magical radiation, making you easy to see and hit.
Foes you strike become dangerously contaminated with magical radiation.
You are incapable of wielding weapons or throwing items.
You have extremely sharp teeth.
Your natural rate of healing is unusually fast.
When hurt, damage is shared between your health and your magic reserves.
Your bite disrupts and absorbs the magic of your enemies.
Potions cannot restore your health.


Message History

The black bear bites you. The black bear closely misses you. x2
You barely miss the black bear. The black bear bites you.
The black bear claws you. x2
You hit the black bear.
The black bear begins to glow.
The black bear is moderately wounded.
The black bear bites you! The black bear claws you. The black bear misses you.
You hit the black bear.
The black bear glows dangerously bright.
The black bear is moderately wounded.
The black bear bites you but does no damage.
The black bear claws you. x2
You hit the black bear but do no damage.
The black bear shudders as magic cascades through it.
The black bear twists and deforms.
Your bite misses the black bear.
The black bear is heavily wounded.
The black bear closely misses you. The black bear claws you.
* * * LOW HITPOINT WARNING * * *
The black bear claws you but does no damage.
You closely miss the black bear.
The black bear is heavily wounded.
The black bear bites you.
* * * LOW HITPOINT WARNING * * *
The black bear claws you.
* * * LOW HITPOINT WARNING * * *
The black bear claws you.
* * * LOW HITPOINT WARNING * * *
The black bear attacks as it pursues you!
The black bear barely misses you. The black bear claws you.
* * * LOW HITPOINT WARNING * * *
The black bear claws you.
* * * LOW HITPOINT WARNING * * *
The black bear attacks as it pursues you!
The black bear barely misses you. The black bear closely misses you.
The black bear claws you but does no damage.
The black bear attacks as it pursues you!
The black bear barely misses you. x2; The black bear claws you.
* * * LOW HITPOINT WARNING * * *
The black bear attacks as it pursues you!
The black bear bites you.
You die...

....^.###........#
.....####......(.#
..>..'..'........#
.....####.)......#
.....# ###..#####
.....# ##...###
###### ###...#
###.# #p# #h###
#...## ###..# ##.#
#'# #........#
#.........#
#.....###+#


You could see a black bear (misshapen).

Vanquished Creatures
  An ogre (D:3)
  3 howler monkeys
  A jelly (D:3)
  2 hounds
  Terence (D:3)
  6 adders
  18 gnolls (D:3)
  A worm (D:2)
  4 dart slugs
  21 orcs (D:3)
  9 bats
  5 endoplasms
  3 giant cockroaches
  4 goblins
  8 hobgoblins
  18 jackals
  8 kobolds
  5 quokkas
  4 ball pythons
  3 frilled lizards (D:3)
  2 rats (D:1)
127 creatures vanquished.

Notes
Turn   | Place    | Note
-------+----------+-------------------------------------------
     0 | D:1      | Ivernyr the Vine Stalker Shapeshifter began the quest for
                  | the Orb.
     0 | D:1      | Reached XP level 1. HP: 9/9 MP: 2/2
    87 | D:1      | Reached XP level 2. HP: 14/14 MP: 1/3
   378 | D:1      | Reached XP level 3. HP: 15/17 MP: 1/4
   497 | D:1      | Reached skill level 4 in Shapeshifting
   745 | D:2      | Reached XP level 4. HP: 8/21 MP: 0/5
   844 | D:2      | Found a basalt altar of Yredelemnul.
  1433 | D:3      | Reached skill level 5 in Shapeshifting
  1581 | D:3      | Reached XP level 5. HP: 25/25 MP: 6/6
  1990 | D:3      | Reached skill level 6 in Shapeshifting
  1992 | D:3      | Reached XP level 6. HP: 28/29 MP: 7/7
  2040 | D:3      | Noticed Terence
  2062 | D:3      | Killed Terence
  2139 | D:3      | Reached skill level 7 in Shapeshifting
  2184 | D:3      | Reached XP level 7. HP: 32/32 MP: 8/8
  3374 | D:4      | Reached skill level 8 in Shapeshifting
  3383 | D:4      | Slain by a black bear

Illustrated notes

Levels and vault maps discovered:
D:1:      spicycebolla_green_bress_n_ham, layout_basic,
          minmay_misc_feat_diagonals
D:2:      layout_loops_ring, basic_altar, kennysheep_generic_room_14
D:3:      lemuel_castle_with_subvaults [lemuel_castle_interior_original],
          layout_loops_ring, uniq_terence
D:4:      layout_basic

Skill      XL: |  1  2  3  4  5  6  7 |
---------------+----------------------+-----
Shapeshifting  | 4 5 6 7 8 |  8.1
Fighting       | |  0.8
Dodging        | |  1.5
Unarmed Combat | |  3.0

Action                     |  1- 3 |  4- 6 |  7- 9 || total
---------------------------+-------+-------+-------++-------
  Melee: Unarmed           |    70 |   149 |   123 ||   342
         Bite              |    14 |    42 |    48 ||   104
         Punch             |     2 |     2 |     1 ||     5
   Stab: Sleeping          |       |     3 |       ||     3
 Armour: Animal skin       |    49 |    76 |    95 ||   220
  Dodge: Dodged            |    40 |    67 |    75 ||   182
   Form: Flux              |       |       |     1 ||     1

Table legend: (Time is in decaauts)
 A = Elapsed time spent in this place.
 B = Non-inter-level travel time spent in this place.
 C = Inter-level travel time spent in this place.
 D = Time resting spent in this place.
 E = Time spent auto-exploring this place.
 F = Levels seen in this place.
 G = Mean time per level.
                   A        B        C        D        E       F      G
               +--------+--------+--------+--------+--------+-----+--------+
         Total |   3368 |   3251 |    117 |     12 |   2229 |   4 |  842.0 |
       Dungeon |   3368 |   3251 |    117 |     12 |   2229 |   4 |  842.0 |
               +--------+--------+--------+--------+--------+-----+--------+

Top non-repeatable levels by time:
     D:3: 1629 daAuts
     D:2: 724 daAuts
     D:1: 598 daAuts
     D:4: 416 daAuts
